 Dungeon Crawl Stone Soup version 0.29-a0-270-g1586fc07ea (webtiles) character file.

Game seed: 5859863804365402000

127264 Ajdolov the Marksspriggan (level 16, -1/79 HPs)
             Began as a Spriggan Hunter on Mar 7, 2022.
             Was the Champion of Hepliaklqana.
             Hit by a silver javelin thrown by a merfolk javelineer (3 damage)
             ... on level 2 of the Shoals on Mar 8, 2022.
             The game lasted 01:32:56 (28424 turns).

Ajdolov the Marksspriggan (Spriggan Hunter)        Turns: 28424, Time: 01:32:56

Health: -1/79      AC: 11    Str:  8    XL:     16   Next: 45%
Magic:  22/26      EV: 28    Int: 14    God:    Hepliaklqana [******]
Gold:   2658       SH:  5    Dex: 22    Spells: 15/15 levels left

rFire   . . .      SeeInvis +   a - +6 shortbow (freeze)
rCold   . . .      Faith    .   (shield currently unavailable)
rNeg    . . .      Spirit   .   J - +0 acid dragon scales
rPois   +          Reflect  +   G - +2 hat
rElec   .          Harm     .   D - +0 cloak {rPois}
rCorr   +          Rampage  .   (gloves unavailable)
Will    ++...                   (boots unavailable)
Stlth   ++++++....              f - amulet of reflection
HPRegen 0.23/turn               (no ring)
MPRegen 0.20/turn               (no ring)

@: very quick
A: reduced essence, very small, no large weapons, unfitting armour, see
invisible, speed 3
a: Renounce Religion, Recall Ancestor, Ancestor Identity, Transference, Idealise


You were on level 2 of the Shoals.
You worshipped Hepliaklqana.
Hepliaklqana was exalted by your worship.
You visited 5 branches of the dungeon, and saw 27 of its levels.
You visited 1 bazaar.
You also visited: Ossuary.

You collected 4495 gold pieces.
You spent 1837 gold pieces at shops.

Inventory:

Hand Weapons
 a - a +6 shortbow of freezing (weapon)
Missiles
 w - 7 throwing nets
Armour
 D - a +0 cloak of poison resistance (worn)
 G - a +2 hat (worn)
 J - +0 acid dragon scales (worn)
Jewellery
 f - an amulet of reflection (around neck)
Wands
 b - a wand of paralysis (20)
 i - a wand of mindburst (15)
 o - a wand of acid (23)
 p - a wand of charming (12)
 s - a wand of flame (99)
 y - a wand of iceblast (45)
 C - a wand of digging (23)
Scrolls
 g - 4 scrolls of fog
 h - a scroll of summoning
 m - a scroll of amnesia
 q - 8 scrolls of teleportation
 u - a scroll of brand weapon
 z - 6 scrolls of identify
 F - 4 scrolls of magic mapping
 M - a scroll of blinking
 N - a scroll of fear
Potions
 e - 6 potions of haste
 k - a potion of ambrosia
 l - 4 potions of curing
 n - 5 potions of attraction
 r - 4 potions of might
 t - 4 potions of flight
 v - a potion of invisibility
 x - 2 potions of mutation
 A - 2 potions of lignification
 B - 3 potions of brilliance
 E - 3 potions of resistance
 I - 2 potions of heal wounds
Miscellaneous
 j - a box of beasts
 H - a phial of floods


   Skills:
 + Level 12.1 Fighting
 - Level 16.0 Bows
 + Level 7.5 Armour
 - Level 14.3 Dodging
 * Level 13.8 Stealth
 - Level 12.2 Invocations
 * Level 15.2 Evocations


You had 15 spell levels left.
You didn't know any spells.
Your spell library contained the following spells:

 Spells                   Type           Power      Damage    Failure   Level
 Beastly Appendage        Tmut           0%         N/A       43%         1
 Pain                     Necr           0%         1d4       43%         1
 Slow                     Hex            0%         N/A       43%         1
 Ensorcelled Hibernation  Hex/Ice        0%         N/A       56%         2
 Passwall                 Tmut/Erth      0%         N/A       56%         2
 Wereblood                Tmut           0%         N/A       56%         2
 Confusing Touch          Hex            0%         N/A       80%         3
 Gell's Gravitas          Tloc           0%         N/A       80%         3
 Lesser Beckoning         Tloc           0%         N/A       80%         3
 Spider Form              Tmut/Pois      0%         N/A       80%         3
 Swiftness                Air            0%         N/A       80%         3
 Teleport Other           Tloc           0%         N/A       80%         3
 Vampiric Draining        Necr           0%         2d6       80%         3
 Anguish                  Hex/Necr       0%         N/A       99%         4
 Agony                    Necr           0%         N/A       100%        5
 Excruciating Wounds      Necr           0%         N/A       100%        5
 Iskenderun's Battlesphe  Conj           0%         2d6       100%        5
 Summon Forest            Summ/Tloc      0%         N/A       100%        5
 Summon Mana Viper        Hex/Summ       0%         N/A       100%        5
 Yara's Violent Unravell  Hex/Tmut       0%         3d3       100%        5
 Iron Shot                Conj/Erth      0%         9d1       100%        6
 Summon Cactus Giant      Summ           0%         N/A       100%        6
 Enfeeble                 Hex            0%         N/A       100%        7
 Spellforged Servitor     Conj/Summ      0%         N/A       100%        7


Dungeon Overview and Level Annotations

Branches:
Dungeon (15/15)            Temple (1/1) D:4            Lair (6/6) D:9
 Shoals (3/4) Lair:4       Spider (0/4) Lair:4        Slime (0/5) Lair:5
    Orc (2/2) D:10            Elf (0/3) Orc:2        Vaults (0/5) D:14
 Depths (0/4) D:15        Ossuary (visited)

Altars:
Ashenzari
Cheibriados
Dithmenos
Elyvilon
Hepliaklqana
Nemelex Xobeh
Okawaru
Qazlal
Ru
Sif Muna
Trog
Uskayaw
Vehumet
Wu Jian
Xom
Zin
Beogh

Shops:
D:8 (   Orc:2 *(([?   Shoals:1 *[[

Annotations:
D:6 exclusion: gargoyle
D:13 exclusion: orange crystal statue
Lair:3 Fannar


Innate Abilities, Weirdness & Mutations

Your life essence is reduced to manifest your ancestor. (-10% HP)
You are very small and have problems with some larger weapons.
You are too small for most types of armour.
You have supernaturally acute eyesight. (SInv)
You cover ground extremely quickly. (Speed+++)


Message History

The silver javelin closely misses you. What are your orders? t - Shout!
Orders for allies: a - Attack new target. p - Attack previous target. r - Retreat! s - Stop attacking. g - Guard the area. f - Follow me.
Anything else - Cancel.
Gang up on whom?
Press: ? - help, Dir - move target, f/p - merfolk javelineer
Aim: a merfolk javelineer, wielding a +2 vorpal spear, wearing a +0 leather armour and quivering silver javelins (lightly wounded, ally target) Attack!
Edmée barely misses the merfolk javelineer.
Edmée hits the plant with a +0 broad axe of flaming!
The plant begins to die.
Edmée burns the plant.
The merfolk javelineer throws a silver javelin.
The silver javelin pierces through Edmée!
The silver javelin completely misses you.
Shoot: a) +6 shortbow (freeze)
Press: ? - help, Q - select action, (/) - cycle Shift-Dir - straight line, f/p - merfolk javelineer
Aim: a merfolk javelineer, wielding a +2 vorpal spear, wearing a +0 leather armour and quivering silver javelins (lightly wounded, ally target, 73% to hit)
Okay, then.
Hepliaklqana grants Edmée healing and protection!
Edmée is fully restored!
Edmée hits the merfolk javelineer with a +0 broad axe of flaming!
Edmée burns the merfolk javelineer.
Edmée hits the plant with a +0 broad axe of flaming!!!
Edmée burns the plant!
The merfolk javelineer throws a silver javelin.
The silver javelin pierces through Edmée!!
The silver javelin pierces through you!
* * * LOW HITPOINT WARNING * * *
x2 You feel better.
Edmée closely misses the merfolk javelineer.
Edmée hits the plant with a +0 broad axe of flaming!
Edmée burns the plant.
The merfolk javelineer throws a silver javelin.
The silver javelin closely misses Edmée.
The silver javelin pierces through you!!
* * * LOW HITPOINT WARNING * * *
You die...

# ≈ #≈≈ #....≈≈≈≈≈≈ # #≈≈
#P....≈≈≈≈≈ # #m≈
#.....≈≈≈≈≈ ##
≈≈≈##.....≈≈≈≈≈ .##
≈≈≈##P..)...≈≈≈≈ .≈###
8###PP.[...≈≈≈≈≈
≈≈≈≈#######≈PP..m.).≈≈≈≈≈
.≈≈≈≈≈≈≈≈≈≈≈$m###..P≈≈≈≈≈
.≈..P≈≈≈≈≈≈≈≈.R.@.P≈≈≈≈≈≈
#..≈≈≈≈≈≈≈≈≈≈≈≈P≈≈≈≈≈≈≈≈≈
#.P≈≈P≈≈≈≈≈≈≈P≈≈≈≈≈P≈≈≈≈≈
...≈≈≈≈≈≈≈≈≈≈≈≈≈≈≈≈≈≈≈≈≈≈
...≈≈≈≈≈≈≈≈≈≈≈≈≈≈≈≈≈≈≈≈≈≈
...≈≈≈≈≈≈≈≈≈≈≈≈≈≈≈≈≈≈≈≈≈≈
...≈≈≈≈≈≈≈≈≈≈≈≈≈≈≈≈≈≈≈≈≈≈
≈.≈.....).≈≈≈≈≈≈≈≈≈≈≈≈≈≈≈
.......#..≈≈≈≈≈≈≈≈≈≈≈≈≈≈


You could see the friendly Edmée the knight (idealised) and a merfolk javelineer
(ally target).

Vanquished Creatures
  Gastronok (Lair:3)
  Donald (Shoals:1)
  2 merfolk impalers (Shoals:2)
  Erolcha (D:9)
  2 vault guards (D:14)
  A boulder beetle (D:12)
  2 hydras
  A satyr (Shoals:2)
  3 centaur warriors
  5 two-headed ogres
  12 death yaks
  A tengu warrior (D:13)
  A goliath frog (Lair:6)
  2 sea snakes
  A wizard (D:14)
  4 harpies (Shoals:3)
  A salamander (shapeshifter) (D:13)
  3 fauns (Shoals:3)
  5 cyclopes
  5 manticores
  8 elephants
  2 ugly things
  Maurice (D:9)
  5 water nymphs
  5 merfolk sirens
  3 black mambas
  15 cane toads
  2 torpor snails (Lair:5)
  6 rime drakes
  2 kobold demonologists (D:11)
  8 komodo dragons
  9 merfolk
  4 polar bears
  3 meliai
  A hornet (D:8)
  2 wind drakes
  5 trolls
  3 tyrant leeches (Lair:6)
  14 dream sheep
  3 snapping turtles
  33 blink frogs
  A dream sheep (shapeshifter) (D:14)
  2 slime creatures (D:12)
  2 centaur simulacra
  A culicivora (Lair:4)
  2 jumping spiders (Lair:4)
  A culicivora (shapeshifter) (D:14)
  A wraith (D:11)
  23 yaks
  2 shadows
  2 spriggans (Lair:1)
  2 vampires
  8 wyverns
  2 basilisks
  A hog (shapeshifter) (D:14)
  3 redbacks (Lair:4)
  5 steam dragons
  7 vampire mosquitoes
  2 wargs (Orc:2)
  14 water moccasins
  4 acid dragons
  6 black bears
  17 orc warriors
  A meliai simulacrum (D:13)
  2 ice beasts
  6 wolves
  8 centaurs
  9 ogres
  2 lemures (D:9)
  5 elf zombies (Ossuary)
  A kobold brigand (D:11)
  2 necrophages
  19 bullfrogs
  A gnoll sergeant (D:7)
  2 scorpions
  9 wights
  Dowan (D:5)
  A killer bee (D:10)
  6 howler monkeys
  4 jellies
  A centaur zombie (Ossuary)
  21 orc priests
  2 gnoll shamans
  A hound (D:6)
  An iron imp (D:14)
  A human zombie (Ossuary)
  Ijyb (D:5)
  3 iguanas
  16 orc wizards
  2 mummies (Ossuary)
  Robin (D:3)
  7 adders
  7 gnolls
  A shadow imp (D:4)
  3 white imps
  2 ufetubi
  An adder zombie (Ossuary)
  2 worms
  5 dart slugs
  66 orcs
  5 ball pythons
  9 endoplasms
  5 giant cockroaches
  13 goblins
  8 hobgoblins
  6 quokkas
  3 training dummies (D:8)
  6 bats
  3 frilled lizards
  12 hobgoblin zombies (Ossuary)
  A jackal zombie (Ossuary)
  21 kobolds
  5 kobold zombies (Ossuary)
  8 orc zombies (Ossuary)
  4 rats (D:1)
628 creatures vanquished.

Vanquished Creatures (collateral kills)
  Saint Roka (Orc:2)
  Louise (Shoals:1)
  A fire dragon (D:15)
  2 merfolk javelineers (Shoals:2)
  An ice dragon (D:15)
  A merfolk impaler (Shoals:2)
  2 vault guards (D:14)
  A merfolk avatar (Shoals:2)
  3 hydras
  A two-headed ogre (D:11)
  2 catoblepae
  A centaur warrior (D:14)
  A tengu warrior (D:13)
  A merfolk aquamancer (Shoals:2)
  10 death yaks
  An orc high priest (Orc:2)
  Lodul (D:12)
  A sea snake (Shoals:1)
  An obsidian statue (D:13)
  Pikel (D:9)
  A faun (Shoals:3)
  2 orc sorcerers
  3 ugly things
  4 cyclopes
  A manticore (D:12)
  2 merfolk sirens
  A water nymph (Shoals:3)
  A guardian serpent (D:13)
  6 elephants
  6 cane toads
  3 komodo dragons
  2 rime drakes (Lair:4)
  A yaktaur (shapeshifter) (D:15)
  2 kobold demonologists
  3 meliai
  3 merfolk
  4 trolls
  A meliai (shapeshifter) (D:15)
  A polar bear (Lair:5)
  A tyrant leech (Lair:6)
  5 dream sheep
  3 slime creatures (D:12)
  2 wind drakes
  11 blink frogs
  A raiju (shapeshifter) (D:13)
  2 shadows
  A spriggan (Lair:1)
  A wraith (D:14)
  2 wyverns
  16 yaks
  2 steam dragons (D:9)
  A redback (Lair:4)
  2 vampire mosquitoes
  An acid dragon (D:11)
  Duvessa (D:5)
  4 water moccasins
  7 orc warriors
  15 wolves
  A centaur (D:11)
  2 lemures (D:9)
  2 kobold brigands
  7 bullfrogs
  An elf zombie (Ossuary)
  A scorpion (D:7)
  2 killer bees (D:10)
  2 howler monkeys (D:7)
  A hound (D:6)
  7 orc priests
  A gnoll shaman (D:7)
  4 orc wizards
  3 gnolls
  12 orcs
  A goblin zombie (Ossuary)
  3 kobolds (D:11)
  An orc zombie (Ossuary)
210 creatures vanquished.

Vanquished Creatures (others)
  A merfolk aquamancer (Shoals:2)
  A merfolk (Shoals:2)
  A water moccasin (Lair:2)
  19 knights
  4 ancestors
  95 fungi
  209 plants
330 creatures vanquished.

Grand Total: 1168 creatures vanquished

Notes
Turn   | Place    | Note
-------+----------+-------------------------------------------
     0 | D:1      | Ajdolov the Spriggan Hunter began the quest for the Orb.
     0 | D:1      | Reached XP level 1. HP: 10/10 MP: 2/2
    33 | D:1      | Reached skill level 5 in Bows
   105 | D:1      | Reached XP level 2. HP: 15/15 MP: 3/3
   325 | D:1      | Reached XP level 3. HP: 18/18 MP: 4/4
   463 | D:1      | Found a faded altar of an unknown god.
   545 | D:2      | Noticed a necrophage
   585 | D:2      | Killed a necrophage
   586 | D:2      | Reached skill level 6 in Bows
   586 | D:2      | Reached XP level 4. HP: 23/23 MP: 5/5
  1384 | D:3      | Noticed an ice beast
  1435 | D:3      | Killed an ice beast
  1436 | D:3      | Reached skill level 7 in Bows
  1436 | D:3      | Reached XP level 5. HP: 18/28 MP: 6/6
  1599 | D:3      | Reached XP level 6. HP: 21/32 MP: 7/7
  1747 | D:3      | Reached skill level 8 in Bows
  1792 | D:3      | Noticed Robin
  1829 | D:3      | Killed Robin
  2324 | D:4      | Identified the +1 ring mail "Emminn" {rC+ rN+ Str-4}
  2743 | D:4      | Found a staircase to the Ecumenical Temple.
  2763 | Temple   | Entered the Ecumenical Temple
  2973 | Temple   | Became a worshipper of Hepliaklqana the Forgotten
  3186 | D:4      | Noticed a water moccasin
  3525 | D:4      | Reached XP level 7. HP: 37/37 MP: 8/8
  3546 | D:4      | Found a shimmering altar of Xom.
  3790 | D:5      | Entered Level 5 of the Dungeon
  3802 | D:5      | Noticed a troll
  3880 | D:5      | Killed a troll
  3881 | D:5      | Reached skill level 9 in Bows
  4019 | D:5      | Noticed Duvessa
  4019 | D:5      | Noticed Dowan
  4033 | D:5      | Killed Dowan
  4147 | D:4      | Reached skill level 10 in Bows
  4269 | D:5      | Reached XP level 8. HP: 42/42 MP: 9/9
  4337 | D:5      | Killed Duvessa
  4522 | D:5      | Noticed Ijyb
  4544 | D:5      | Killed Ijyb
  4615 | D:5      | Reached skill level 5 in Fighting
  4615 | D:5      | Reached skill level 11 in Bows
  4692 | D:5      | Reached * piety under Hepliaklqana
  5152 | D:6      | Noticed a two-headed ogre
  5214 | D:6      | Killed a two-headed ogre
  5215 | D:6      | Reached skill level 12 in Bows
  5215 | D:6      | Reached XP level 9. HP: 43/43 MP: 10/10
  5290 | D:6      | Noticed a gargoyle
  5883 | D:7      | Reached skill level 13 in Bows
  6169 | D:7      | Reached skill level 14 in Bows
  6249 | D:7      | Found a sand-covered staircase.
  6255 | Ossuary  | Entered an ossuary
  6435 | Ossuary  | Reached skill level 1 in Evocations
  6826 | D:7      | Reached XP level 10. HP: 49/49 MP: 8/11
  7026 | D:8      | Reached ** piety under Hepliaklqana
  7028 | D:8      | Remembered your ancestor Edmée as a knight
  7045 | D:8      | Noticed a cyclops
  7062 | D:8      | Killed a cyclops
  7284 | D:8      | Found Igoqiremp's Firing Range.
  7736 | D:8      | Reached skill level 15 in Bows
  7750 | D:8      | Reached skill level 5 in Dodging
  7763 | D:9      | Noticed Maurice
  7771 | D:9      | Killed Maurice
  7878 | D:9      | Noticed Erolcha
  7885 | D:9      | Killed Erolcha
  7886 | D:9      | Reached skill level 16 in Bows
  7910 | D:9      | Reached skill level 5 in Evocations
  7979 | D:9      | Found a staircase to the Lair.
  8027 | D:9      | Reached XP level 11. HP: 52/52 MP: 12/12
  8226 | D:9      | Reached *** piety under Hepliaklqana
  8265 | D:9      | Noticed Pikel
  8271 | D:9      | Killed Pikel
  8551 | D:10     | Entered Level 10 of the Dungeon
  8571 | D:10     | Found a staircase to the Orcish Mines.
  8730 | D:10     | Reached skill level 5 in Stealth
  8769 | D:10     | Noticed a centaur warrior
  8788 | D:10     | Killed a centaur warrior
  8908 | D:10     | Noticed a two-headed ogre
  8919 | D:10     | Killed a two-headed ogre
  9774 | D:11     | Noticed a two-headed ogre
  9789 | D:11     | Killed a two-headed ogre
  9811 | D:11     | Noticed a two-headed ogre
  9817 | D:11     | Noticed a soul eater
  9818 | D:11     | Killed a two-headed ogre
  9819 | D:11     | Noticed a sun demon
  9940 | D:11     | Reached skill level 10 in Evocations
 10233 | Lair:1   | Entered Level 1 of the Lair of Beasts
 10234 | Lair:1   | Reached **** piety under Hepliaklqana
 10247 | Lair:1   | Reached XP level 12. HP: 58/58 MP: 13/13
 10818 | Lair:1   | Reached skill level 1 in Invocations
 10952 | Lair:1   | Reached skill level 1 in Armour
 11808 | Lair:2   | Identified a scroll of acquirement
 11809 | Lair:2   | Acquired 368 gold pieces
 11995 | Lair:2   | Reached ***** piety under Hepliaklqana
 12042 | Lair:2   | Noticed a six-headed hydra
 12053 | Lair:2   | Killed a six-headed hydra
 12426 | Lair:3   | Noticed Gastronok
 12514 | Lair:3   | Killed Gastronok
 12682 | Lair:3   | Noticed Fannar
 12722 | Lair:3   | Reached XP level 13. HP: 63/63 MP: 17/17
 12904 | Lair:3   | Reached skill level 5 in Invocations
 13323 | Lair:4   | Found a staircase to the Shoals.
 13477 | Lair:4   | Found a hole to the Spider Nest.
 13556 | Lair:4   | Reached skill level 5 in Armour
 14003 | Lair:4   | Reached skill level 10 in Fighting
 15289 | Lair:5   | Reached XP level 14. HP: 69/69 MP: 21/21
 15453 | Lair:5   | Found a staircase to the Slime Pits.
 15967 | Lair:5   | Reached skill level 10 in Dodging
 16205 | Lair:5   | Acquired 1065 gold pieces
 16614 | Lair:6   | Entered Level 6 of the Lair of Beasts
 16882 | Lair:6   | Reached skill level 10 in Invocations
 17138 | Lair:6   | Identified the +7 war axe "Visaof" {flame, Int+7}
 17144 | Lair:6   | Identified the +5 quarterstaff "Kax Yczo" {drain, rCorr}
 18104 | Lair:6   | Reached XP level 15. HP: 73/73 MP: 24/24
 18695 | Orc:1    | Entered Level 1 of the Orcish Mines
 18839 | Orc:2    | Entered Level 2 of the Orcish Mines
 18839 | Orc:2    | Found a staircase to the Elven Halls.
 18984 | Orc:2    | Found Lepritupt's General Store.
 18994 | Orc:2    | Bought a box of beasts for 680 gold pieces
 19683 | Orc:2    | Found Zuas's Weapon Shop.
 19829 | Orc:2    | Found Vecepp's Magic Scroll Shoppe.
 19844 | Orc:2    | Bought a scroll of identify for 28 gold pieces
 19844 | Orc:2    | Bought a scroll of identify for 28 gold pieces
 19844 | Orc:2    | Bought a scroll of fog for 28 gold pieces
 19844 | Orc:2    | Bought a scroll of identify for 28 gold pieces
 19844 | Orc:2    | Bought a scroll of magic mapping for 49 gold pieces
 20260 | Orc:2    | Noticed Saint Roka
 20368 | Orc:2    | Killed Saint Roka
 20454 | Orc:2    | Found Diodonuh's Antique Weapon Shop.
 20456 | Orc:2    | Found Beakh's Antique Armour Boutique.
 20469 | Orc:2    | Bought a glowing scarf for 240 gold pieces
 20960 | D:12     | You fall into a shaft and drop 2 floors!
 20988 | D:12     | Noticed Lodul
 21116 | D:12     | Killed Lodul
 22646 | D:13     | Reached skill level 10 in Stealth
 23712 | D:14     | Identified the +9 trident "Demonslayer" {vorpal, Will+}
 24436 | D:14     | Found a gate to the Vaults.
 24604 | D:14     | Found a snail-covered altar of Cheibriados.
 24722 | D:15     | Entered Level 15 of the Dungeon
 25579 | D:15     | Found a staircase to the Depths.
 25826 | Shoals:1 | Entered Level 1 of the Shoals
 25948 | Shoals:1 | Found Ohimocwu's Armour Boutique.
 25959 | Shoals:1 | Noticed Louise
 25977 | Shoals:1 | Killed Louise
 25978 | Shoals:1 | Reached XP level 16. HP: 79/79 MP: 26/26
 26027 | Shoals:1 | Found Kexeux's Overcharged Wands.
 26038 | Shoals:1 | Bought a wand of acid (18) for 660 gold pieces
 26131 | Shoals:1 | Found Bufuyl's Armour Boutique.
 26151 | Shoals:1 | Noticed Donald
 26173 | Shoals:1 | Killed Donald
 26545 | Shoals:1 | Reached ****** piety under Hepliaklqana
 26794 | Shoals:2 | You fall into a shaft and drop 1 floor!
 27746 | Shoals:2 | Identified the +8 falchion "Hexzaong" {venom, *Corrode rF+
                  | Will+}
 27791 | Shoals:2 | Reached skill level 15 in Evocations
 28033 | Shoals:2 | Found a gateway to a bazaar.
 28050 | Bazaar   | Entered a bazaar
 28050 | Bazaar   | Found Netogo's Weapon Shop.
 28050 | Bazaar   | Found Kukhlaipu's Weapon Boutique.
 28050 | Bazaar   | Found Xefoy's Antique Armour Boutique.
 28050 | Bazaar   | Found Irixeste's General Store.
 28071 | Bazaar   | Bought a scroll of teleportation for 36 gold pieces
 28071 | Bazaar   | Bought a potion of heal wounds for 60 gold pieces
 28424 | Shoals:2 | HP: 2/79 [merfolk javelineer/silver javelin (19)]
 28424 | Shoals:2 | Hit by a silver javelin thrown by a merfolk javelineer

Illustrated notes

Levels and vault maps discovered:
D:1:      dpeg_arrival_prison, layout_rooms, basic_ecumenical_altar
D:2:      layout_loops_ring, nicolae_underground_beach
D:3:      layout_rooms, chequers_arboretum, uniq_robin
D:4:      layout_gridville, lemuel_coloured_pillars_altar, temple_statues
D:5:      layout_loops_ring, uniq_duvessa, uniq_ijyb
D:6:      layout_loops_ring
D:7:      layout_rooms, enter_ossuary_5, hangedman_minor_gate_pass
D:8:      layout_basic, serial_park_tiny_pond, nicolae_shop_firing_range
D:9:      layout_long_grid, due_lair_maze_entry_diamond, serial_bayou_ford_a,
          uniq_pikel, uniq_erolcha, uniq_maurice
D:10:     layout_basic, orc_0_dummy, interstate_on_off, minmay_crystal_room
D:11:     layout_loops_ring
D:12:     layout_cave_pools, uniq_lodul
D:13:     minmay_separated_statues, layout_long_grid,
          nrook_guardian_serpent_double
D:14:     layout_layer_cave, lightli_vaults_fourway_checkpoint,
          nicolae_twisting_strands, slow_altar_2
D:15:     grunt_enter_depths_hoard, layout_loops_ring, minmay_misc_feat_roman
Temple:   mainiacjoe_temple_trianglar_array
Lair:1:   wad_woods_tower, layout_gridlike, grunt_forest_large_clearing_hut
Lair:2:   layout_cave_shapes
Lair:3:   layout_chaotic_city, uniq_gastronok, uniq_fannar
Lair:4:   beast_lair_carwin_large_4, layout_hall_layers,
          elwin_shoals_entry_stream, nicolae_spider_entry_tight_spaces,
          guppyfry_lair_drakes
Lair:5:   nzn_winding_woodlands_stair_cross [nzn_winding_woodlands_5x15_zeroes,
          nzn_winding_woodlands_center_lodge,
          nzn_winding_woodlands_5x15_split_checker,
          nzn_winding_woodlands_5x5_cross,
          nzn_winding_woodlands_5x5_closed_star,
          nzn_winding_woodlands_5x15_concentric,
          nzn_winding_woodlands_center_garden, nzn_winding_woodlands_5x15_eye],
          layout_cave_shapes, nicolae_slime_entry_slimehenge,
          serial_bayou_shore_a
Lair:6:   minmay_lair_end_frog_pond, layout_gridlike, minmay_lair_drake_nest
Shoals:1: layout_shoals, serial_shops, shop, nicolae_take_the_stairs,
          nicolae_shop_overcharged_wands, uniq_louise, uniq_donald
Shoals:2: layout_shoals, serial_shops, bzr_entry_gold, st_sunken_temple
Shoals:3: cheibrodos_shoals_epimethial_gifts, layout_shoals, uniq_polyphemus
Orc:1:    layout_caves
Orc:2:    grunt_orc_community_town_hall, layout_caves,
          grunt_orc_community_big_house_2, grunt_orc_community_big_house_2,
          grunt_orc_community_house_3, grunt_orc_community_house_3,
          grunt_orc_community_house_3, grunt_orc_community_house_1,
          serial_shops, nicolae_shop_statue_plus

Skill      XL: |  1  2  3  4  5  6  7  8  9 10 11 12 13 14 15 16 |
---------------+-------------------------------------------------+-----
Bows           | 5 6 7 8 10 12 14 16 | 16.0
Fighting       | 2 3 4 5 7 8 9 10 11 12 | 12.1
Dodging        | 3 5 8 9 12 14 | 14.3
Evocations     | 2 5 10 12 14 15 | 15.2
Stealth        | 3 7 8 11 13 | 13.8
Invocations    | 4 8 11 12 | 12.2
Armour         | 3 6 7 |  7.5

Action                   |  1- 3 |  4- 6 |  7- 9 | 10-12 | 13-15 | 16-18 || total
-------------------------+-------+-------+-------+-------+-------+-------++-------
 Fire: Shortbow          |    72 |   192 |   435 |   859 |  1880 |   285 ||  3723
Throw: Throwing net      |       |       |       |       |     2 |       ||     2
Invok: Recall Ancestor   |       |       |     6 |    23 |    52 |     4 ||    85
       Ancestor Life: Kn |       |       |       |     1 |       |       ||     1
       Transference      |       |       |       |     1 |     1 |       ||     2
       Idealise          |       |       |       |       |     7 |     2 ||     9
Evoke: Wand              |       |       |       |     3 |     6 |     1 ||    10
       Phial of floods   |       |       |       |       |     2 |       ||     2
       Box of beasts     |       |       |       |       |     1 |       ||     1
  Use: Scroll            |       |       |     6 |    16 |    19 |       ||    41
       Potion            |       |       |       |       |     4 |     3 ||     7
Armor: Robe              |     3 |     4 |       |       |       |       ||     7
       Troll leather arm |       |       |    12 |     8 |    11 |       ||    31
       Acid dragon scale |       |       |       |       |     4 |     5 ||     9
Dodge: Dodged            |    21 |    23 |    44 |   153 |   240 |    42 ||   523
Block: Other             |     5 |     8 |    17 |    52 |    58 |     7 ||   147
       Reflection        |       |       |       |     4 |     9 |     1 ||    14

Table legend: (Time is in decaauts)
 A = Elapsed time spent in this place.
 B = Non-inter-level travel time spent in this place.
 C = Inter-level travel time spent in this place.
 D = Time resting spent in this place.
 E = Time spent auto-exploring this place.
 F = Levels seen in this place.
 G = Mean time per level.
                   A        B        C        D        E       F      G
               +--------+--------+--------+--------+--------+-----+--------+
         Total |  20260 |  19063 |   1197 |   3522 |   8836 |  29 |  698.6 |
       Dungeon |  10399 |   9783 |    616 |   1939 |   4861 |  15 |  693.3 |
        Temple |    149 |    139 |     10 |      0 |    130 |   1 |  149.0 |
          Lair |   5866 |   5431 |    435 |    724 |   2373 |   6 |  977.7 |
        Shoals |   2148 |   2115 |     33 |    651 |    841 |   3 |  716.0 |
  Orcish Mines |   1396 |   1295 |    101 |    207 |    566 |   2 |  698.0 |
        Bazaar |     16 |     16 |      0 |      0 |      0 |   1 |   16.0 |
       Ossuary |    285 |    285 |      0 |      0 |     64 |   1 |  285.0 |
               +--------+--------+--------+--------+--------+-----+--------+

Top non-repeatable levels by time:
  Lair:6: 1201 daAuts
    D:13: 1201 daAuts
  Lair:4: 1111 daAuts
    D:14: 1096 daAuts
  Lair:5: 1061 daAuts
  Lair:3: 969 daAuts
     D:3: 968 daAuts
   Orc:2: 929 daAuts
     D:4: 833 daAuts
  Lair:1: 833 daAuts
     D:5: 774 daAuts
Shoals:3: 745 daAuts
Shoals:2: 716 daAuts
    D:12: 695 daAuts
  Lair:2: 689 daAuts
